 Dungeon Crawl Stone Soup version 0.30.1-4-g462c640d31 (webtiles) character file.

Game seed: 6562394127424302937

96 Almogavar the Chopper (level 4, 0/40 HPs)
             Began as a Hill Orc Fighter on Aug 22, 2023.
             Constricted to death by Crazy Yiuf (2 damage)
             ... on level 2 of the Dungeon.
             The game lasted 00:03:31 (1837 turns).

Almogavar the Chopper (Hill Orc Fighter)            Turns: 1837, Time: 00:03:34

Health: 0/40       AC:  7    Str: 20    XL:     4   Next: 67%
Magic:  0/4        EV:  6    Int:  8    God:
Gold:   110        SH:  4    Dex: 10    Spells: 3/3 levels left

rFire   . . .        a - +0 war axe
rCold   . . .        c - +0 buckler
rNeg    . . .        b - +0 scale mail
rPois   .            (no helmet)
rElec   .            (no cloak)
rCorr   .            (no gloves)
SInv    .            (no boots)
Will    .....        (no amulet) Stlth
                     (no ring)
HPRegen 0.26/turn    (no ring)
MPRegen 0.09/turn

%: no passive effects
@: grasped by roots, hasted, constricted, very quick
A: no striking features
a: no special abilities


You were on level 2 of the Dungeon.
You visited 1 branch of the dungeon, and saw 2 of its levels.

You collected 110 gold pieces.

Inventory:

Hand Weapons
 a - a +0 war axe (weapon)
Armour
 b - a +0 scale mail (worn)
 c - a +0 buckler (worn)
 e - a scarf of repulsion
 g - a +0 cloak
Magical Staves
 f - a staff of fire
Scrolls
 i - a scroll of enchant weapon {unknown}
 j - 3 scrolls of amnesia
Potions
 d - a potion of might
 h - a potion of haste
 k - a potion of curing {unknown}


   Skills:
 + Level 4.2 Fighting
 + Level 4.8 Axes
 + Level 4.0 Armour
 + Level 3.5 Shields


You had 3 spell levels left.
You didn't know any spells.
Your spell library contained the following spells:

 Spells                   Type           Power      Damage    Failure   Level
 Dazzling Flash           Conj/Hex       0%         N/A       99%         3
 Agony                    Necr           0%         N/A       100%        5
 Silence                  Hex/Air        0%         N/A       100%        5


Dungeon Overview and Level Annotations

Branches:
Dungeon (2/15)

Altars:
Qazlal

Annotations:
D:2 Crazy Yiuf


Message History

Found a runed translucent door.
Crazy Yiuf shouts!
Crazy Yiuf whimpers, "Fluff!"
Crazy Yiuf shouts!
Crazy Yiuf says, "Crazy?
Crazy!?
PORCUPINE!"
You open the door. You hit Crazy Yiuf.
Crazy Yiuf is moderately wounded.
Crazy Yiuf hits you but does no damage.
You feel yourself speed up. Crazy Yiuf completely misses you.
You barely miss Crazy Yiuf.
Crazy Yiuf is moderately wounded.
Crazy Yiuf hits you with a +2 quarterstaff of chaos!
Crazy Yiuf burns you.
You closely miss Crazy Yiuf.
Crazy Yiuf is moderately wounded.
Crazy Yiuf says, "Leather!
Hah ragdoll green."
Crazy Yiuf hits you with a +2 quarterstaff of chaos!
You feel your power leaking away.
You hit Crazy Yiuf.
Crazy Yiuf is heavily wounded.
You closely miss Crazy Yiuf.
Crazy Yiuf is heavily wounded.
Crazy Yiuf hits you with a +2 quarterstaff of chaos!
* * * LOW HITPOINT WARNING * * *
You resist with some effort.
You barely miss Crazy Yiuf.
Crazy Yiuf is heavily wounded.
Crazy Yiuf zaps a wand.
The roots erupt in riotous growth!
The grasping roots grab you!
Crazy Yiuf is unaffected.
The grasping roots constrict you.
* * * LOW HITPOINT WARNING * * *
You hit Crazy Yiuf but do no damage.
Crazy Yiuf is heavily wounded.
Crazy Yiuf hits you with a +2 quarterstaff of chaos.
* * * LOW HITPOINT WARNING * * *
Crazy Yiuf burns you.
* * * LOW HITPOINT WARNING * * *
The grasping roots constrict you.
You die...

.##.# ##### ####.#.## ....#
#.......## .##.## #.##.##..#
.....## ########## ##....###
#(.##...##♣♣♣♣♣ ##..#.......♣.♣♣♣
### ...##......P.♣..♣#...#
##........P.♣♣♣♣@g...#
###†).....♣♣ ♣♣#..)# #.....##♣♣
### ###..#..# #^......#
#.......#### ###
#.._....##.###.######### #####
#...........##.#.......# #...#
#..........)##.#.#####.####.#.###


You could see Crazy Yiuf.

Vanquished Creatures
  Jessica (D:2)
  3 adders (D:2)
  A dart slug (D:2)
  4 endoplasms (D:1)
  5 giant cockroaches
  5 goblins
  2 hobgoblins (D:2)
  3 quokkas
  A ball python (D:2)
  2 bats (D:2)
  A frilled lizard (D:1)
  7 kobolds
  6 rats
41 creatures vanquished.

Notes
Turn   | Place    | Note
-------+----------+-------------------------------------------
     0 | D:1      | Almogavar the Hill Orc Fighter began the quest for the Orb.
     0 | D:1      | Reached XP level 1. HP: 19/19 MP: 1/1
   332 | D:1      | Reached XP level 2. HP: 25/27 MP: 2/2
   970 | D:1      | Reached XP level 3. HP: 28/33 MP: 3/3
  1235 | D:2      | Found a stormy altar of Qazlal.
  1347 | D:2      | Noticed Jessica
  1351 | D:2      | Killed Jessica
  1352 | D:2      | Reached XP level 4. HP: 36/40 MP: 4/4
  1728 | D:2      | Found a runed translucent door.
  1729 | D:2      | Noticed Crazy Yiuf
  1837 | D:2      | HP: 2/40 [Crazy Yiuf/+2 quarterstaff of chaos (3)]
  1837 | D:2      | Constricted to death by Crazy Yiuf

Illustrated notes

Levels and vault maps discovered:
D:1:      eino_arrival_water_star, layout_basic, dk_noncrumbling_4, st_stairs_3
D:2:      layout_loops_cross, basic_altar, nrook_mini_backslash,
          minmay_pentomino_u2, uniq_jessica, uniq_crazy_yiuf_cottage

Skill      XL: |  1  2  3  4 |
---------------+-------------+-----
Axes           | 3 4 |  4.8
Fighting       | 4 |  4.2
Armour         | 4 |  4.0
Shields        | |  3.5

Action                     |  1- 3 |  4- 6 || total
---------------------------+-------+-------++-------
  Melee: War axe           |    95 |    30 ||   125
    Use: Scroll            |     4 |       ||     4
 Armour: Scale mail        |    40 |    14 ||    54
  Dodge: Dodged            |    40 |    10 ||    50
  Block: Buckler           |    18 |     9 ||    27
